 Dungeon Crawl Stone Soup version 0.22-a0-99-g1ac4c55 (webtiles) character file.

14585 solxrula the Basher (level 11, -2/141 HPs)
             Began as a Troll Berserker on Jan 25, 2018.
             Was a High Priest of Trog.
             Slain by a skeletal warrior
             ... wielding a +0 trident
              (25 damage)
             ... on level 12 of the Dungeon.
             The game lasted 00:52:45 (10209 turns).

solxrula the Basher (Troll Berserker)              Turns: 10209, Time: 00:52:46

Health: -2/141     AC: 12    Str: 34    XL:     11   Next: 90%
Magic:  3/3        EV: 13    Int:  5    God:    Trog [*****.]
Gold:   968        SH:  0    Dex: 10    Spells: 10/10 levels left

rFire    . . .     SeeInvis .   x - +5 giant spiked club (antimagic)
rCold    + + .     Gourm    +   (shield currently unavailable)
rNeg     . . .     Faith    .   l - +2 robe {rC+}
rPois    +         Spirit   .   (helmet restricted)
rElec    .         Reflect  .   o - +2 cloak {MR+}
rCorr    .         Harm     .   (gloves unavailable)
MR       +....                  (boots unavailable)
Stlth    ..........             (no amulet)
HPRegen  0.73/turn              h - ring of ice
MPRegen  0.08/turn              F - ring of poison resistance

@: berserking, heavily drained, very quick
A: large, unfitting armour, claws 3, slimy green scales 1, clever 1, fire
resistance 1, fast metabolism 3, gourmand, regeneration 1, shaggy fur 1, tough
skin 2
a: Berserk, Trog's Hand, Brothers in Arms, Burn Spellbooks, Renounce Religion


You were on level 12 of the Dungeon.
You worshipped Trog.
Trog was extremely pleased with you.
You were very full.

You visited 1 branch of the dungeon, and saw 13 of its levels.

You collected 1124 gold pieces.
You spent 156 gold pieces at shops.

Inventory:

Hand Weapons
 x - a +5 antimagic giant spiked club (weapon)
 y - a +2 mace of protection
 z - a +5 eveningstar
Missiles
 a - 4 large rocks (quivered)
 b - 4 tomahawks of returning
 c - 6 needles of confusion
 d - 326 stones
 e - 5 tomahawks
Armour
 l - a +2 robe of cold resistance (worn)
 o - a +2 cloak of magic resistance (worn)
Jewellery
 h - a ring of ice (left claw)
 C - an uncursed ring of protection from fire
 F - a ring of poison resistance (right claw)
Wands
 g - a wand of random effects (35)
 j - a wand of disintegration (11)
 r - a wand of acid (7)
 s - a wand of enslavement (11)
 v - a wand of paralysis (9)
 w - a wand of flame (65)
 D - a wand of clouds (6)
Scrolls
 i - 7 scrolls of remove curse
 k - 2 scrolls of fog
 m - 2 scrolls of enchant armour
 B - a scroll of magic mapping
Potions
 n - 2 potions of heal wounds
 p - 2 potions of resistance
 q - a potion of flight
 u - 2 potions of curing
 A - a potion of might
 E - 3 potions of agility
Comestibles
 f - 2 chunks of flesh
 t - 23 rations


   Skills:
 - Level 2.4(1.3) Fighting
 + Level 14.5(12.9) Maces & Flails
 + Level 1.0(0.0) Throwing
 + Level 9.0(7.7) Dodging
 - Level 0.7(0.0) Stealth
 + Level 1.4(0.3) Evocations


You had 10 spell levels left.
You didn't know any spells.

Dungeon Overview and Level Annotations

Branches:
Dungeon (13/15)            Temple (0/1) D:6            Lair (0/6) D:9
    Orc (0/2) D:10
 Vaults: D:13-14

Altars:
Makhleb
Sif Muna

Shops:
D:4 :((!*   D:5 =

Portals:
Trove: D:10 (give horn of Geryon)


Innate Abilities, Weirdness & Mutations

You are too large for most types of armour.
You have claws for hands.
Your metabolism is lightning-fast.
You like to eat raw meat.
Your natural rate of healing is unusually fast.
You are covered in fur. (AC +1)
You have very tough skin. (AC +2)
You are partially covered in slimy green scales. (AC +2)
Your mind is acute. (Int +2)
Your flesh is heat resistant. (rF+)


Message History

You impale the skeletal warrior!!
The skeletal warrior is heavily damaged.
The skeletal warrior hits you with a trident!
The skeletal warrior closely misses you.
You sock the skeletal warrior!
The skeletal warrior is heavily damaged.
The skeletal warrior hits you with a trident!
The skeletal warrior hits you but does no damage.
You feel drained.
You closely miss the skeletal warrior.
The skeletal warrior is heavily damaged.
The skeletal warrior hits you with a trident!!
The skeletal warrior hits you with a flail of draining!
* * * LOW HITPOINT WARNING * * *
You feel drained.
* * * LOW HITPOINT WARNING * * *
A red film seems to cover your vision as you go berserk!
You feel yourself moving faster!
You feel mighty!
You feel a lot less full.
The skeletal warrior hits you with a trident!!
You die...

.#.##.# #.# #.##.##.# ......#
#.# #.......# ...#### ##.##
###...#.# #### #...## #...#.#
..# ######## #....# #...#.#
#.# #......#
#....#######...#.. #.#
#..<...########.##.........[.
#.#
#........#.[)z..............#
#.#
#......#.#.z@...........)<...
#.#
#......#.#.[##....#####...###
..# #......#.#..#.....#
#...### ###
########.......#..# #.....#
..#### ###..#.##..# #.###.#
#.##.## #.....^..# #.# #.#
#.#...## ##.......# #.###.#
.......##########.#####
###.....# #.......#.........#
#..[..)##


You could see 2 skeletal warriors.

Vanquished Creatures
  2 two-headed ogres
  Urug (D:12)
  The ghost of solxrula the Basher, a novice TrBe of Trog (D:8)
  4 wizards
  Pikel (D:5)
  A deep elf mage (D:12)
  An ugly thing (D:12)
  A cyclops (D:12)
  2 gargoyles (D:10)
  A kobold demonologist (D:12)
  3 hippogriffs
  6 yaks (D:12)
  Eustachio (D:6)
  A hungry ghost (D:10)
  A steam dragon (D:10)
  Menkaure (D:6)
  A water moccasin (D:12)
  4 orc warriors
  An eye of draining (D:8)
  7 ice beasts
  2 sky beasts (D:9)
  The ghost of Thatotherguy the Ruffian, an amateur NaTm (D:3)
  2 necrophages
  5 ogres
  2 phantoms
  3 centaurs
  A crocodile (D:11)
  Blork the orc (D:5)
  5 bullfrogs
  A water moccasin skeleton (D:8)
  A wyvern skeleton (D:12)
  A scorpion (D:9)
  12 killer bees (D:10)
  5 wights (D:7)
  2 electric eels (D:11)
  A centaur zombie (D:5)
  9 crimson imps
  2 quasits (D:12)
  2 orc priests
  2 bullfrog zombies (D:10)
  2 jellies
  2 bullfrog skeletons
  5 orc wizards
  5 centaur skeletons
  4 iguanas
  9 worker ants
  Robin (D:3)
  2 howler monkey skeletons
  2 worker ant zombies
  16 adders
  8 gnolls
  5 shadow imps
  3 oozes (D:1)
  7 worms
  3 dart slugs
  9 leopard geckos
  32 orcs
  A ball python (D:2)
  13 bats
  7 giant cockroaches
  8 goblins
  10 hobgoblins
  4 quokkas
  6 frilled lizards
  9 kobolds
  2 leopard gecko zombies
  11 rats
287 creatures vanquished.

Vanquished Creatures (others)
  A hound (D:5)
1 creature vanquished.

Grand Total: 288 creatures vanquished

Notes
Turn   | Place    | Note
-------+----------+-------------------------------------------
     0 | D:1      | solxrula the Troll Berserker began the quest for the Orb.
     0 | D:1      | Reached XP level 1. HP: 22/22 MP: 0/0
   198 | D:1      | Reached XP level 2. HP: 27/29 MP: 1/1
   492 | D:1      | Reached skill level 3 in Maces & Flails
   598 | D:1      | Reached XP level 3. HP: 32/36 MP: 2/2
  1183 | D:2      | Reached ** piety under Trog
  1338 | D:2      | Reached XP level 4. HP: 31/44 MP: 3/3
  1664 | D:2      | Gained mutation: You are partially covered in slimy green scales. (AC +2) [potion of mutation]
  1664 | D:2      | Gained mutation: Your mind is acute. (Int +2) [potion of mutation]
  1664 | D:2      | Gained mutation: Your flesh is heat resistant. (rF+) [potion of mutation]
  1728 | D:3      | Reached skill level 4 in Maces & Flails
  1748 | D:3      | Noticed Thatotherguy's ghost (amateur NaTm)
  1768 | D:3      | Killed Thatotherguy's ghost
  1768 | D:3      | Reached XP level 5. HP: 50/50 MP: 4/4
  1888 | D:3      | Reached *** piety under Trog
  2178 | D:3      | Noticed Robin
  2195 | D:3      | Killed Robin
  2420 | D:3      | Reached XP level 6. HP: 59/59 MP: 5/5
  2535 | D:4      | Reached skill level 5 in Maces & Flails
  2609 | D:4      | Found Vediopocs's Book Emporium.
  2713 | D:4      | Got a jewelled trident
  2714 | D:4      | Identified the +3 trident of Mana {holy, rElec} (You found it on level 4 of the Dungeon)
  2732 | D:4      | Found Kazuo's Weapon Boutique.
  2760 | D:4      | Found Joiwader's Antique Weapon Boutique.
  2766 | D:4      | Bought a runed mace for 156 gold pieces
  2881 | D:4      | Found Feuskiu's Assorted Antiques.
  2975 | D:4      | Found Icuagg's Distillery.
  3042 | D:4      | Reached **** piety under Trog
  3378 | D:5      | Entered Level 5 of the Dungeon
  3422 | D:5      | Reached skill level 6 in Maces & Flails
  3422 | D:5      | Reached XP level 7. HP: 64/66 MP: 6/6
  3587 | D:5      | Found Unluimu's Jewellery Emporium.
  3627 | D:5      | Noticed Blork the orc
  3633 | D:5      | Killed Blork the orc
  3693 | D:5      | Noticed Pikel
  3711 | D:5      | Killed Pikel
  3711 | D:5      | Reached skill level 8 in Maces & Flails
  3711 | D:5      | Reached XP level 8. HP: 74/74 MP: 7/7
  3870 | D:5      | Reached skill level 5 in Dodging
  3981 | D:6      | Noticed Menkaure
  3998 | D:6      | Killed Menkaure
  4002 | D:6      | Reached skill level 9 in Maces & Flails
  4019 | D:6      | Noticed Eustachio
  4065 | D:6      | Killed Eustachio
  4123 | D:6      | Reached XP level 9. HP: 50/80 MP: 8/8
  4132 | D:6      | Found a burning altar of Makhleb.
  4610 | D:6      | Found a staircase to the Ecumenical Temple.
  4832 | D:7      | Reached skill level 10 in Maces & Flails
  5178 | D:7      | Reached ***** piety under Trog
  5568 | D:8      | Noticed solxrula's ghost (novice TrBe)
  5687 | D:8      | Killed solxrula's ghost
  5687 | D:8      | Reached skill level 11 in Maces & Flails
  5840 | D:8      | Noticed a two-headed ogre
  5853 | D:8      | Killed a two-headed ogre
  5853 | D:8      | Reached XP level 10. HP: 31/88 MP: 9/9
  6578 | D:9      | Received a gift from Trog
  6908 | D:9      | Found a staircase to the Lair.
  7101 | D:9      | Reached skill level 12 in Maces & Flails
  7234 | D:10     | Entered Level 10 of the Dungeon
  7252 | D:10     | Noticed a gargoyle
  7271 | D:10     | Killed a gargoyle
  7501 | D:10     | Noticed a wizard
  7504 | D:10     | Noticed a wizard
  7511 | D:10     | Killed a wizard
  7645 | D:10     | Found a staircase to the Orcish Mines.
  7795 | D:10     | Noticed a gargoyle
  7814 | D:10     | Killed a gargoyle
  8069 | D:10     | Found a deep blue altar of Sif Muna.
  8114 | D:10     | Identified the Volume of Plaster Cramp
  8142 | D:10     | Received a gift from Trog
  8167 | D:10     | Reached XP level 11. HP: 94/94 MP: 10/10
  8941 | D:10     | Found a portal to a secret trove of treasure.
  9050 | D:11     | Reached skill level 13 in Maces & Flails
  9103 | D:11     | Received a gift from Trog
  9232 | D:11     | Noticed a wizard
  9241 | D:11     | Killed a wizard
  9355 | D:12     | Killed a wizard
  9458 | D:12     | Noticed a white ugly thing
  9466 | D:12     | Killed a white ugly thing
  9638 | D:12     | Reached skill level 1 in Evocations
  9646 | D:12     | Noticed a two-headed ogre
  9660 | D:12     | Killed a two-headed ogre
  9660 | D:12     | Reached skill level 14 in Maces & Flails
 10056 | D:13     | Noticed a deep elf mage
 10058 | D:13     | Noticed Urug
 10062 | D:13     | Noticed a wizard
 10068 | D:12     | Killed a deep elf mage
 10083 | D:12     | Killed Urug
 10162 | D:13     | Killed a wizard
 10162 | D:13     | Reached skill level 1 in Throwing
 10185 | D:13     | Noticed a skeletal warrior
 10189 | D:13     | Noticed a skeletal warrior
 10191 | D:13     | Noticed a skeletal warrior
 10209 | D:12     | Slain by a skeletal warrior

Vault maps used:
D:1:      erik_arrival_gehennom, minmay_misc_feat_alley, feat_on_display
D:3:      first_ration, uniq_robin
D:4:      serial_shops, nicolae_shop_temple_entry_statues_fountains,
          nicolae_shop_crystal, shop, shop, shop_coins, gup_sewer_entry_spiral
D:5:      serial_shops, nicolae_shop_crystal, hangedman_decor_riveting,
          uniq_blork_the_orc, uniq_pikel
D:6:      kennysheep_mini, lemuel_temple_firewalk_b, uniq_eustachio,
          uniq_menkaure
D:7:      grunt_ogre_cave
D:9:      lair_entry_dummy, minivault_11
D:10:     kennysheep_orc_sif_temple, orc_0_dummy, enter_trove_6,
          bh_hangedman_babel_library
D:11:     minmay_misc_feat_ornament, uniq_maurice
D:13:     david_vaults_2, uniq_kirke, uniq_urug, uniq_erolcha

Skill      XL: |  1  2  3  4  5  6  7  8  9 10 11 |
---------------+----------------------------------+-----
Dodging        | 3 4 5 7 8 9 |  9.0
Maces & Flails | 3 4 6 8 9 11 12 14 | 14.5
Evocations     | 1 |  1.4
Throwing       | 1 |  1.0
Fighting       | |  2.4
Stealth        | |  0.7

Action                   |  1- 3 |  4- 6 |  7- 9 | 10-12 || total
-------------------------+-------+-------+-------+-------++-------
Melee: Mace              |   120 |   277 |   334 |   550 ||  1281
       Giant spiked club |       |       |       |    98 ||    98
Throw: Tomahawk          |       |       |       |     3 ||     3
       Large rock        |       |       |       |     9 ||     9
Invok: Berserk           |       |     2 |     8 |     3 ||    13
       Burn Spellbooks   |       |       |     2 |     2 ||     4
Evoke: Wand              |       |       |       |    13 ||    13
  Use: Potion            |     2 |     4 |     1 |     1 ||     8
       Scroll            |     1 |     6 |     6 |     8 ||    21
 Stab: Sleeping          |       |     1 |       |     1 ||     2
       Paralysed         |       |       |       |     3 ||     3
  Eat: Chunk             |    17 |    19 |    21 |    47 ||   104
       Ration            |       |       |     2 |     3 ||     5
Armor: Animal skin       |    51 |   132 |    12 |       ||   195
       Robe              |       |       |   130 |   219 ||   349
       Skin              |       |       |     1 |       ||     1
Dodge: Dodged            |    69 |   148 |   177 |   285 ||   679

Table legend:
 A = Spawn XP
 B = Non-spawn XP
 C = Spawn XP percentage of total XP
 D = Spawn monster count
 E = Non-spawn monster count
 F = Spawn count percentage of total count
 G = Total turns spent on level
                    A         B        C        D         E        F      G
               +---------+---------+-------+---------+---------+-------+---------
         Total |       0 |   20836 |   0.0 |       0 |     287 |   0.0 | 10209
               +---------+---------+-------+---------+---------+-------+---------
           D:1 |       0 |      57 |   0.0 |       0 |      23 |   0.0 |  1142
           D:2 |       0 |      87 |   0.0 |       0 |      22 |   0.0 |   529
           D:3 |       0 |     252 |   0.0 |       0 |      38 |   0.0 |   856
           D:4 |       0 |     319 |   0.0 |       0 |      17 |   0.0 |   851
           D:5 |       0 |    1208 |   0.0 |       0 |      15 |   0.0 |   583
           D:6 |       0 |    1135 |   0.0 |       0 |      25 |   0.0 |   835
           D:7 |       0 |    1210 |   0.0 |       0 |      23 |   0.0 |   730
           D:8 |       0 |    2172 |   0.0 |       0 |      10 |   0.0 |  1023
           D:9 |       0 |    1506 |   0.0 |       0 |      27 |   0.0 |   685
          D:10 |       0 |    3864 |   0.0 |       0 |      45 |   0.0 |  1776
          D:11 |       0 |    1723 |   0.0 |       0 |      12 |   0.0 |   315
          D:12 |       0 |    6543 |   0.0 |       0 |      24 |   0.0 |   830
          D:13 |       0 |     760 |   0.0 |       0 |       6 |   0.0 |    54
               +---------+---------+-------+---------+---------+-------+---------
